 Dungeon Crawl Stone Soup version 0.31-a0-455-g1a7b003ef0 (webtiles) character file.

Game seed: 12167071901037404701

139 Gelion the Changeling (level 5, -1/35 HPs)
             Began as an Octopode Shapeshifter on Aug 4, 2023.
             Slain by a quokka (5 damage)
             ... on level 3 of the Dungeon.
             The game lasted 00:03:05 (1714 turns).

Gelion the Changeling (Octopode Shapeshifter)       Turns: 1714, Time: 00:03:06

Health: -1/35      AC:  1    Str: 14    XL:     5   Next: 22%
Magic:  5/5        EV: 13    Int: 10    God:
Gold:   148        SH:  0    Dex: 15    Spells: 4/4 levels left

rFire   . .          .
                       - Unarmed
rCold   . . .        (no shield)
rNeg    . . .        (helmet currently unavailable)
rPois   .            (no amulet)
rElec   .            (no ring)
rCorr   .            (no ring)
SInv    .            (no ring)
Will    .....        (no ring)
Stlth   ++           (no ring)
HPRegen 0.25/turn    (no ring)
MPRegen 0.09/turn    (no ring)
                     (no ring)

%: no passive effects
@: beast-form
A: beast (slay +2), almost no armour, amphibious, 8 rings, camouflage 1,
gelatinous body 1, (nimble swimmer 1), tentacles
a: Begin Untransformation


You were on level 3 of the Dungeon.
You were a hulking beast.
You visited 1 branch of the dungeon, and saw 3 of its levels.

You collected 148 gold pieces.

Inventory:

Missiles
 k - a throwing net
Talismans
 b - a beast talisman (active)
Scrolls
 c - 2 scrolls of teleportation {unknown}
 d - a scroll of identify {unknown}
 f - a scroll of fog {unknown}
 i - a scroll of amnesia {unknown}
 j - a scroll of enchant weapon {unknown}
 l - a scroll of enchant armour {unknown}
Potions
 a - a potion of lignification
 e - a potion of mutation {unknown}
 g - 2 potions of might {unknown}
 h - 2 potions of curing {unknown}


   Skills:
 + Level 2.4 Fighting
 - Level 2.0 Dodging
 + Level 3.8 Unarmed Combat
 * Level 4.1 Shapeshifting


You had 4 spell levels left.
You didn't know any spells.
Your spell library contained the following spells:

 Spells                   Type           Power      Damage    Failure   Level
 Magic Dart               Conj           0%         1d3       36%         1
 Call Imp                 Summ           0%         N/A       50%         2
 Lesser Beckoning         Tloc           0%         N/A       50%         2
 Gell's Gravitas          Tloc           0%         N/A       75%         3
 Mephitic Cloud           Conj/Pois/Air  0%         N/A       75%         3
 Teleport Other           Tloc           0%         N/A       75%         3


Dungeon Overview and Level Annotations

Branches:
Dungeon (3/15)

Altars:


Innate Abilities, Weirdness & Mutations

You are a hulking beast.
Your limbs bulge with bestial killing power. (Slay +2)
You cannot wear most types of armour.
You are amphibious.
You can wear up to eight rings at the same time.
Your skin changes colour to match your surroundings (Stealth+).
Your rubbery body absorbs attacks. (AC +1, EV +1)
((You are camouflaged when in or above water. (Stealth+)))
You have tentacles for arms and can constrict up to eight enemies at once.


Message History

You bludgeon the orc!
You kill the orc!
You tentacle-slap the orc wizard. You grab the orc wizard.
You squeeze the orc wizard!
The orc wizard is severely wounded.
You constrict the orc wizard. The orc hits you with a +0 mace.
The orc wizard struggles to escape constriction.
You tentacle-slap the orc wizard.
You kill the orc wizard!
You have reached level 5!
You feel agile.
You tentacle-slap the worm. You grab the worm. You squeeze the worm!
The worm is heavily wounded.
You constrict the worm. The orc hits you with a +0 mace.
You tentacle-slap the worm. You squeeze the worm.
You kill the worm!
The orc hits you with a +0 mace. The orc hits you with a +0 short sword.
You tentacle-slap the orc. You grab the orc. You squeeze the orc.
You kill the orc!
The quokka closely misses you. The orc hits you with a +0 mace!
Unknown command.
You tentacle-slap the orc. You grab the orc.
The orc is heavily wounded.
You constrict the orc, but do no damage.
The quokka completely misses you. The orc barely misses you.
The quokka closely misses you.
You bludgeon the orc!
You kill the orc!
The orc hits you with a +0 whip. The quokka bites you.
You are too injured to fight recklessly!
You are too injured to fight recklessly!
You tentacle-slap the endoplasm but do no damage.
You squeeze the endoplasm.
The endoplasm is severely wounded.
The endoplasm hits you.
* * * LOW HITPOINT WARNING * * *
The orc hits you with a +0 whip.
* * * LOW HITPOINT WARNING * * *
The quokka bites you.
You die...

. ..###########
#...........#####
#.....o†........#
......Jh..>.....#
......r.........#
.........../....#
................#
................##
.................#
.................#
.#######.........#
#.........#


You could see an orc, an endoplasm and a quokka.

Vanquished Creatures
  An orc wizard (D:3)
  4 gnolls
  2 worms
  3 dart slugs
  3 orcs (D:3)
  5 ball pythons
  6 bats
  6 endoplasms
  2 giant cockroaches (D:1)
  2 hobgoblins
  6 jackals (D:1)
  4 kobolds
  2 quokkas (D:2)
  4 frilled lizards
  2 goblins (D:1)
  8 rats
60 creatures vanquished.

Notes
Turn   | Place    | Note
-------+----------+-------------------------------------------
     0 | D:1      | Gelion the Octopode Shapeshifter began the quest for the
                  | Orb.
     0 | D:1      | Reached XP level 1. HP: 13/13 MP: 1/1
    65 | D:1      | Reached XP level 2. HP: 18/18 MP: 2/2
   220 | D:1      | Found a faded altar of an unknown god.
   470 | D:1      | Reached XP level 3. HP: 22/23 MP: 3/3
  1245 | D:2      | Identified the +0 robe "Aghukia" {Drain Will+ SInv}
  1290 | D:2      | Reached XP level 4. HP: 29/29 MP: 4/4
  1433 | D:2      | Identified the +1 dagger of Painful Death {elec, rElec
                  | Str-5 Dex+6}
  1699 | D:3      | Reached skill level 4 in Shapeshifting
  1709 | D:3      | Reached XP level 5. HP: 28/35 MP: 5/5
  1714 | D:3      | Slain by a quokka

Illustrated notes

Levels and vault maps discovered:
D:1:      matt_arrival_spirals, layout_basic,
          shapermc_ecumenical_altar_mp_urbaneastern, nicolae_the_louvre
D:2:      layout_loops_cross, minmay_tromino_mix6
D:3:      minmay_octagon_keep, layout_rooms, uniq_terence

Skill      XL: |  1  2  3  4 |
---------------+-------------+-----
Fighting       | 2 |  2.4
Shapeshifting  | 4 |  4.1
Dodging        | |  2.0
Unarmed Combat | |  3.8

Action                     |  1- 3 |  4- 6 || total
---------------------------+-------+-------++-------
  Melee: Unarmed           |    63 |    34 ||    97
         Tentacles         |    22 |    13 ||    35
         Constrict         |    21 |    10 ||    31
         Punch             |     1 |     1 ||     2
   Stab: Sleeping          |     8 |     1 ||     9
 Armour: Skin              |     9 |     1 ||    10
  Dodge: Dodged            |    37 |    20 ||    57

Table legend: (Time is in decaauts)
 A = Elapsed time spent in this place.
 B = Non-inter-level travel time spent in this place.
 C = Inter-level travel time spent in this place.
 D = Time resting spent in this place.
 E = Time spent auto-exploring this place.
 F = Levels seen in this place.
 G = Mean time per level.
                   A        B        C        D        E       F      G
               +--------+--------+--------+--------+--------+-----+--------+
         Total |   1707 |   1679 |     28 |      0 |   1325 |   3 |  569.0 |
       Dungeon |   1707 |   1679 |     28 |      0 |   1325 |   3 |  569.0 |
               +--------+--------+--------+--------+--------+-----+--------+

Top non-repeatable levels by time:
     D:1: 866 daAuts
     D:2: 672 daAuts
     D:3: 169 daAuts
